 Dungeon Crawl Stone Soup version 0.25-a0-464-g3004169c2b (webtiles) character file.

Game seed: 3455030615457192429, levelgen mode: deterministic

695 Gargoyl the Skirmisher (level 7, -1/60 HPs)
             Began as a Centaur Abyssal Knight on Feb 4, 2020.
             Was a Priest of Lugonu.
             Killed from afar by an orc wizard (2 damage)
             ... with a magic dart
             ... on level 4 of the Dungeon.
             The game lasted 00:06:01 (4656 turns).

Gargoyl the Skirmisher (Centaur Abyssal Knight)     Turns: 4656, Time: 00:06:01

Health: -1/60      AC:  9    Str: 14    XL:     7   Next: 37%
Magic:  9/9        EV:  4    Int: 11    God:    Lugonu [***...]
Gold:   246        SH:  3    Dex: 11    Spells: 6/6 levels left

rFire    . . .     SeeInvis +   a - +2 hand axe
rCold    . . .     Gourm    .   o - +0 buckler
rNeg     . . .     Faith    .   d - +1 chain mail
rPois    .         Spirit   .   (no helmet)
rElec    .         Reflect  .   (no cloak)
rCorr    .         Harm     .   (no gloves)
MR       .....                  (no barding)
Stlth    ..........             (no amulet)
HPRegen  0.20/turn              f - ring of see invisible
MPRegen  0.11/turn              (no ring)

@: very quick
A: large, hooves 3, deformed body, speed 2, tough skin 3
a: Depart the Abyss, Bend Space, Banish, Renounce Religion


You were on level 4 of the Dungeon.
You worshipped Lugonu.
Lugonu was most pleased with you.
You were very hungry.

You visited 1 branch of the dungeon, and saw 4 of its levels.
You visited the Abyss 1 time.

You collected 246 gold pieces.

Inventory:

Hand Weapons
 a - a +2 hand axe (weapon)
Missiles
 i - 5 boomerangs (quivered)
Armour
 d - a +1 chain mail (worn)
 o - a +0 buckler (worn)
Jewellery
 f - a ring of see invisible (left hand)
Scrolls
 j - a scroll of magic mapping {unknown}
 l - 2 scrolls of identify
 n - a scroll of remove curse
Potions
 b - a potion of mutation
 g - 3 potions of cancellation {unknown}
 h - 5 potions of heal wounds
 k - 2 potions of degeneration {unknown}
 m - a potion of agility {unknown}
 p - a potion of haste {unknown}
 r - 2 potions of curing {unknown}
Miscellaneous
 e - a box of beasts
Comestibles
 c - 7 rations


   Skills:
 + Level 4.5 Fighting
 + Level 3.7 Axes
 + Level 0.1 Throwing
 * Level 3.7 Armour
 * Level 2.1 Dodging
 + Level 0.2 Shields
 * Level 3.8 Invocations


You had 6 spell levels left.
You didn't know any spells.
Your spell library contained the following spells:

 Spells                   Type           Power        Failure   Level  Hunger
 Confusing Touch          Hex            #.......     100%        3    ####...
 Gell's Gravitas          Tloc           #.........   100%        3    ####...
 Petrify                  Tmut/Erth      #.......     100%        4    #####..
 Metabolic Englaciation   Hex/Ice        #.........   100%        5    ######.
 Yara's Violent Unravell  Hex/Tmut       #.........   100%        5    ######.


Dungeon Overview and Level Annotations

Branches:
Dungeon (4/15)
 Temple: D:4-7

Altars:
Vehumet
Xom


Innate Abilities, Weirdness & Mutations

You have hooves in place of feet.
Armour fits poorly on your strangely shaped body.
You cover ground very quickly.
You have extremely tough skin. (AC +3)


Message History

The orc wizard blinks!
The orc priest mumbles some strange prayers to Beogh against you.
Beogh smites you!
* * * LOW HITPOINT WARNING * * *
The orc priest mumbles some strange prayers to Beogh against you.
Pain shoots through your body!
* * * LOW HITPOINT WARNING * * *
The crimson imp blinks!
An orc wizard comes into view. It is wielding a +0 dagger.
The orc wizard mumbles some strange words.
The orc wizard seems to speed up.
The orc wizard shouts!
You hit the crimson imp.
The crimson imp is moderately wounded.
The crimson imp blinks!
The orc wizard gestures wildly while chanting.
The orc wizard seems to speed up.
The orc wizard gestures at you while chanting.
The magic dart hits you.
You die...

.......# #o...# #####....#
#...)....+ #.###....# #.
####'###....###+########.# #
#........o............##.###
#.....oo..............+.....
#.......5..@..........##.##.
#...........ยง..>......##.##.
#...........).........+.....
#.....................#.....
#..........######...........
#..........#######+####..###
#..........##............###
#...........+...............
###########+#..........#.##.


You could see an orc priest, 2 orc wizards, a crimson imp and an orc.

Vanquished Creatures
  A phantom (D:4)
  An ogre (D:4)
  2 scorpions
  4 crimson imps (D:3)
  An orc priest (D:3)
  An orc wizard (D:4)
  A hound skeleton (D:4)
  3 adders (D:2)
  8 gnolls
  2 oozes
  2 dart slugs (D:1)
  2 leopard geckos (D:4)
  8 orcs
  4 bats
  5 giant cockroaches
  7 goblins
  6 hobgoblins
  14 jackals
  6 kobolds
  2 quokkas
  A ball python (D:1)
  4 frilled lizards
  11 rats
96 creatures vanquished.

Notes
Turn   | Place    | Note
-------+----------+-------------------------------------------
     0 | Abyss:1  | Gargoyl the Centaur Abyssal Knight began the quest for the
                  | Orb.
     0 | Abyss:1  | Reached XP level 1. HP: 19/19 MP: 2/2
    33 | Abyss:1  | Noticed a smoke demon
    90 | Abyss:2  | Noticed a rakshasa
   120 | Abyss:2  | Noticed an orange demon
   120 | Abyss:2  | Noticed a neqoxec
   145 | Abyss:2  | Noticed a smoke demon
   154 | D:1      | Escaped the Abyss
   384 | D:1      | Reached * piety under Lugonu
   429 | D:1      | Reached XP level 2. HP: 25/26 MP: 3/3
   734 | D:1      | Reached skill level 1 in Dodging
   784 | D:1      | Reached XP level 3. HP: 28/31 MP: 4/4
  1097 | D:1      | Reached ** piety under Lugonu
  1540 | D:2      | Found a radiant altar of Vehumet.
  1775 | D:2      | Reached XP level 4. HP: 38/38 MP: 5/5
  2482 | D:3      | Reached XP level 5. HP: 45/45 MP: 7/7
  2573 | D:3      | Found a shimmering altar of Xom.
  2616 | D:3      | Reached skill level 4 in Fighting
  2712 | D:3      | Paralysed by a crimson imp for 7 turns
  2739 | D:3      | Reached *** piety under Lugonu
  2743 | D:3      | Reached XP level 6. HP: 29/52 MP: 8/8
  4287 | D:4      | Reached XP level 7. HP: 43/60 MP: 9/9
  4654 | D:4      | HP: 1/60 [orc priest/nerve-wracking pain (13)]
  4656 | D:4      | Killed from afar by an orc wizard

Levels and vault maps discovered:
D:1:      lightli_arrival_boilingwater, layout_basic, minmay_rat_gold_closets
D:2:      layout_loops_ring, vehumet_crystals
D:3:      layout_basic, led_xom_imps
D:4:      layout_basic, first_ration

Skill      XL: |  1  2  3  4  5  6 |
---------------+-------------------+-----
Dodging        | 1 2 |  2.1
Axes           | 2 3 |  3.7
Armour         | 2 3 |  3.7
Fighting       | 4 |  4.5
Invocations    | 3 |  3.8
Throwing       | |  0.1
Shields        | |  0.2

Action                   |  1- 3 |  4- 6 |  7- 9 || total
-------------------------+-------+-------+-------++-------
Melee: Hand axe          |   105 |   215 |    24 ||   344
       Kick              |    25 |    29 |     6 ||    60
Throw: Boomerang         |       |       |     4 ||     4
Invok: Depart the Abyss  |     1 |       |       ||     1
Evoke: Box of beasts     |     1 |       |       ||     1
  Use: Scroll            |     2 |     7 |       ||     9
 Stab: Invisible         |       |     5 |       ||     5
  Eat: Chunk             |     2 |     7 |       ||     9
Armor: Chain mail        |    76 |   157 |    14 ||   247
Dodge: Dodged            |    22 |    48 |     6 ||    76
Block: Buckler           |       |    24 |     2 ||    26

Table legend:
 A = Non-vault XP
 B = Vault XP
 C = Vault XP percentage of total XP
 D = Non-vault monster count
 E = Vault monster count
 F = Vault count percentage of total count
                 A         B        C        D         E       F
            +---------+---------+-------+---------+---------+-------
      Total |     792 |     202 |  20.3 |      84 |      12 |  12.5
            +---------+---------+-------+---------+---------+-------
        D:1 |      44 |       8 |  15.4 |      22 |       8 |  26.7
        D:2 |      67 |       0 |   0.0 |      19 |       0 |   0.0
        D:3 |     217 |     194 |  47.2 |      25 |       4 |  13.8
        D:4 |     464 |       0 |   0.0 |      18 |       0 |   0.0
            +---------+---------+-------+---------+---------+-------
